 Dungeon Crawl Stone Soup version 0.29.1-15-g9cfb28693d (webtiles) character file.

Game seed: 15156192940371119578

3082534 TrebMcFLY the Hoplite (level 27, 230/230 (237) HPs)
             Began as a Formicid Fighter on Mar 12, 2023.
             Was the Champion of Okawaru.
             Escaped with the Orb
             ... and 5 runes on Mar 14, 2023!
             The game lasted 05:00:42 (73351 turns).

TrebMcFLY the Hoplite (Formicid Fighter)           Turns: 73351, Time: 05:00:43

HP:   230/230 (237) AC: 49    Str: 43    XL:     27
MP:   32/32         EV: 17    Int: 19    God:    Okawaru [******]
Gold: 8727          SH: 26    Dex: 11    Spells: 38/38 levels left

rFire   + + .      SeeInvis +   E - +8 executioner's axe "Xoist" {vorpal, Str+5 Int+4}
rCold   . . .      Faith    +   a - +0 tower shield
rNeg    . . .      Spirit   .   S - +8 crystal plate armour of the Sky {Contam Fly Regen+ Slay+3}
rPois   +          Reflect  .   (helmet unavailable)
rElec   +          Harm     .   J - +2 cloak of the Lychee {Slay+3 SInv}
rCorr   .          Rampage  +   i - +1 pair of gloves "Meps" {rElec Stlth+}
Will    ++++.                   Z - +2 pair of boots {rampage}
Stlth   ..........              b - amulet of faith
HPRegen 1.28/turn               Y - ring "Ikhloteg" {rF+ Will+ Int+4}
MPRegen 0.23/turn               V - ring of the Octopus King {rF+ HP+2 AC+2 EV+2 SH+2}

@: flying, studying Maces & Flails, lightly drained
A: permanent stasis, dig shafts and tunnels, antennae 3, four strong arms,
clever 1, strong-willed 1, poison resistance, strong 1
0: Orb of Zot
}: 5/15 runes: barnacled, slimy, silver, abyssal, gossamer
a: Dig, Shaft Self, Renounce Religion, Heroism, Finesse, Duel


You escaped.
You worshipped Okawaru.
Okawaru was exalted by your worship.
You visited 12 branches of the dungeon, and saw 54 of its levels.
You visited the Abyss 1 time.
You visited 1 bazaar.
You also visited: Bailey, Gauntlet, Ice Cave and Wizlab.

You collected 10158 gold pieces.
You spent 1431 gold pieces at shops.

Inventory:

Hand Weapons
 E - the +8 executioner's axe "Xoist" (weapon) {vorpal, Str+5 Int+4}
   (Okawaru gifted it to you on level 3 of the Lair of Beasts)

   It inflicts extra damage upon your enemies.
   Str:       It affects your strength (+5).
   Int:       It affects your intelligence (+4).
Missiles
 K - 55 boomerangs
 M - 18 silver javelins (quivered)
Armour
 a - a +0 tower shield (worn)
 i - the +1 pair of gloves "Meps" (worn) {rElec Stlth+}
   (Okawaru gifted it to you on level 2 of the Vaults)

   rElec:     It insulates you from electricity.
   Stlth:     It makes you more stealthy.
 D - the +2 cloak of Hogaawes {rC+ Will+}
   (You found it in a wizard's laboratory)

   rC:        It protects you from cold.
   Will:      It increases your willpower.
 H - the +3 cloak of Mezcal {rC++}
   (You found it in a wizard's laboratory)

   rC:        It greatly protects you from cold.
 J - the +2 cloak of the Lychee (worn) {Slay+3 SInv}
   (Okawaru gifted it to you on level 3 of the Spider Nest)

   Slay:      It affects your accuracy & damage with ranged weapons and melee
   (+3).
   SInv:      It lets you see invisible.
 S - the +8 crystal plate armour of the Sky (worn) {Contam Fly Regen+ Slay+3}
   (Okawaru gifted it to you on level 3 of the Spider Nest)

   Slay:      It affects your accuracy & damage with ranged weapons and melee
   (+3).
   Fly:       It grants you flight.
   Contam:    It causes magical contamination when unequipped.
   Regen:     It increases your rate of health regeneration.
 U - a scarf of resistance
 Z - a +2 pair of boots of rampaging (worn)
Jewellery
 b - an amulet of faith (around neck)
 c - a +4 ring of slaying
 e - a ring of flight
 f - a ring of protection from fire
 q - a ring of protection from cold
 s - the ring of the Unkillable {+Blink rC+ Will+ MP+9}
   (You found it on level 3 of the Dungeon)

   [ring of protection from cold]

   rC:        It protects you from cold.
   MP:        It affects your magic capacity (+9).
   +Blink:    It lets you blink.
   Will:      It increases your willpower.
 x - a ring of positive energy
 T - the ring of the Tortoise {AC+8}
   (You found it on level 3 of the Elven Halls)

   [ring of protection]

   AC:        It affects your AC (+8).
 V - a ring of the Octopus King (right hand) {rF+ HP+2 AC+2 EV+2 SH+2}
   (You found it on level 3 of the Elven Halls)

   [ring of protection from fire]

   AC:        It affects your AC (+2).
   EV:        It affects your evasion (+2).
   rF:        It protects you from fire.
   HP:        It affects your health (+2).
   SH:        It affects your SH (+2).
 X - the ring of Xom's Capriciousness {rPois rC+ rCorr Int+6}
   (You found it on level 2 of the Spider Nest)

   [ring of intelligence]

   Int:       It affects your intelligence (+6).
   rC:        It protects you from cold.
   rPois:     It protects you from poison.
   rCorr:     It protects you from acid and corrosion.
 Y - the ring "Ikhloteg" (left hand) {rF+ Will+ Int+4}
   (You found it on level 5 of the Vaults)

   [ring of willpower]

   Int:       It affects your intelligence (+4).
   rF:        It protects you from fire.
   Will:      It increases your willpower.
Wands
 h - a wand of light (40)
 k - a wand of paralysis (54)
 z - a wand of mindburst (16)
 N - a wand of digging (14)
Scrolls
 u - 6 scrolls of magic mapping
 w - 13 scrolls of enchant weapon
 y - 7 scrolls of enchant armour
 A - 9 scrolls of fear
 C - a scroll of acquirement
 F - 4 scrolls of brand weapon
 P - 4 scrolls of silence
Potions
 d - 11 potions of might
 g - 30 potions of curing
 j - 8 potions of heal wounds
 l - 13 potions of mutation
 m - 3 potions of resistance
 p - 10 potions of attraction
 r - 8 potions of ambrosia
 v - 2 potions of brilliance
 G - 12 potions of lignification
 I - 9 potions of invisibility
 L - 5 potions of cancellation


   Skills:
 + Level 23.2 Fighting
 + Level 26.1 Axes
 + Level 15.3 Throwing
 + Level 22.9 Armour
 + Level 19.1 Dodging
 + Level 26.7 Shields
 - Level 6.1 Spellcasting
 - Level 10.0 Invocations


You had 38 spell levels left.
You didn't know any spells.
Your spell library contained the following spells:

 Spells                   Type           Power      Damage    Failure   Level
 Apportation              Tloc           10%        N/A       43%         1
 Beastly Appendage        Tmut           10%        N/A       43%         1
 Foxfire                  Conj/Fire      20%        2x1d5     43%         1
 Freeze                   Ice            20%        1d4       43%         1
 Magic Dart               Conj           20%        1d4       43%         1
 Necrotise                Necr           20%        1d5       43%         1
 Sandblast                Erth           10%        2d5       43%         1
 Shock                    Conj/Air       20%        1d4       43%         1
 Slow                     Hex            20%        N/A       43%         1
 Ensorcelled Hibernation  Hex/Ice        10%        N/A       58%         2
 Passwall                 Tmut/Erth      4%         N/A       58%         2
 Poisonous Vapours        Pois/Air       10%        N/A       58%         2
 Searing Ray              Conj           10%        2d4       58%         2
 Static Discharge         Conj/Air       5%         3-4/arc   58%         2
 Sublimation of Blood     Necr           5%         N/A       58%         2
 Wereblood                Tmut           5%         N/A       58%         2
 Confusing Touch          Hex            5%         N/A       82%         3
 Conjure Flame            Conj/Fire      5%         6-21      82%         3
 Dazzling Flash           Conj/Hex       10%        N/A       82%         3
 Frozen Ramparts          Ice            10%        1d2       82%         3
 Gell's Gravitas          Tloc           5%         N/A       82%         3
 Inner Flame              Hex/Fire       5%         N/A       82%         3
 Lesser Beckoning         Tloc           5%         N/A       82%         3
 Ozocubu's Armour         Ice            5%         N/A       82%         3
 Portal Projectile        Hex/Tloc       10%        N/A       82%         3
 Spider Form              Tmut/Pois      5%         N/A       82%         3
 Stone Arrow              Conj/Erth      10%        3d7       82%         3
 Teleport Other           Tloc           5%         N/A       82%         3
 Vampiric Draining        Necr           5%         2d6       82%         3
 Anguish                  Hex/Necr       2%         N/A       99%         4
 Corpse Rot               Necr/Pois/Air  5%         N/A       99%         4
 Dispel Undead            Necr           5%         3d7       99%         4
 Flame Wave               Conj/Fire      5%         2d5       99%         4
 Fulminant Prism          Conj/Hex       2%         3d6       99%         4
 Hailstorm                Conj/Ice       5%         3d4       99%         4
 Ice Form                 Ice/Tmut       5%         N/A       99%         4
 Iskenderun's Mystic Bla  Conj/Tloc      5%         2d3       99%         4
 Leda's Liquefaction      Hex/Erth       2%         N/A       99%         4
 Olgreb's Toxic Radiance  Pois           5%         N/A       99%         4
 Passage of Golubria      Tloc           5%         N/A       99%         4
 Petrify                  Tmut/Erth      5%         N/A       99%         4
 Sticky Flame             Conj/Fire      5%         2d3       99%         4
 Agony                    Necr           5%         N/A       100%        5
 Alistair's Intoxication  Tmut/Pois      3%         N/A       100%        5
 Borgnjor's Vile Clutch   Necr/Erth      2%         N/A       100%        5
 Fireball                 Conj/Fire      2%         3d4       100%        5
 Freezing Cloud           Conj/Ice/Air   2%         6-21      100%        5
 Iskenderun's Battlesphe  Conj           5%         2d6       100%        5
 Lee's Rapid Deconstruct  Erth           2%         3d6*      100%        5
 Manifold Assault         Tloc           5%         N/A       100%        5
 Metabolic Englaciation   Hex/Ice        2%         N/A       100%        5
 Silence                  Hex/Air        2%         N/A       100%        5
 Yara's Violent Unravell  Hex/Tmut       2%         3d3       100%        5
 Conjure Ball Lightning   Conj/Air       2%         3x3d6     100%        6
 Dispersal                Tloc           2%         N/A       100%        6
 Eringya's Noxious Bog    Tmut/Pois      2%         N/A       100%        6
 Iron Shot                Conj/Erth      2%         9d2       100%        6
 Starburst                Conj/Fire      2%         6d3       100%        6
 Statue Form              Tmut/Erth      3%         N/A       100%        6
 Enfeeble                 Hex            2%         N/A       100%        7
 Orb of Destruction       Conj           2%         9d5       100%        7
 Ozocubu's Refrigeration  Ice            2%         4d8       100%        7
 Storm Form               Tmut/Air       2%         N/A       100%        7
 Discord                  Hex            2%         N/A       100%        8
 Disjunction              Tloc           2%         N/A       100%        8
 Ignition                 Fire           2%         3d3       100%        8
 Lehudib's Crystal Spear  Conj/Erth      2%         10d2      100%        8
 Maxwell's Capacitive Co  Air            2%         ∞         100%        8
 Chain Lightning          Conj/Air       2%         3d3       100%        9
 Fire Storm               Conj/Fire      2%         8d1       100%        9
 Shatter                  Erth           2%         3d6*      100%        9
 Summon Small Mammal      Summ           Unusable   N/A       N/A         1
 Blink                    Tloc           Unusable   N/A       N/A         2
 Call Canine Familiar     Summ           Unusable   N/A       N/A         3
 Summon Guardian Golem    Hex/Summ       Unusable   N/A       N/A         3
 Swiftness                Air            Unusable   N/A       N/A         3
 Summon Lightning Spire   Summ/Air       Unusable   N/A       N/A         4
 Summon Mana Viper        Hex/Summ       Unusable   N/A       N/A         5
 Simulacrum               Ice/Necr       Unusable   N/A       N/A         6
 Summon Cactus Giant      Summ           Unusable   N/A       N/A         6
 Malign Gateway           Summ/Tloc      Unusable   N/A       N/A         7
 Spellforged Servitor     Conj/Summ      Unusable   N/A       N/A         7
 Infestation              Necr           Unusable   N/A       N/A         8

Dungeon Overview and Level Annotations

Branches:
Dungeon (15/15)            Temple (1/1) D:6            Lair (5/5) D:10
 Shoals (4/4) Lair:2       Spider (4/4) Lair:2        Slime (5/5) Lair:5
    Orc (2/2) D:11            Elf (3/3) Orc:2        Vaults (5/5) D:13
  Crypt (0/3) Vaults:2     Depths (4/4) D:15           Hell (visited)
    Dis (0/7) Hell            Geh (0/7) Hell            Coc (0/7) Hell
    Tar (0/7) Hell            Zot (5/5) Depths:4     Bailey (visited)
  IceCv (visited)          WizLab (visited)         Gauntlet (visited)

Altars:
Ashenzari
Cheibriados
Dithmenos
Elyvilon
Fedhas
Gozag
Hepliaklqana
Kikubaaqudgha
Makhleb
Nemelex Xobeh
Okawaru
Qazlal
Ru
Sif Muna
Trog
Uskayaw
Vehumet
Wu Jian
Xom
Yredelemnul
Zin
The Shining One
Jiyva

Shops:
D:5 ?   D:8 =   D:11 *!   D:12 :   D:15 *   Orc:2 [==*   Shoals:2 ****(=
Depths:4 *

Portals:
Hell: Depths:1 Depths:2 Depths:3 Depths:4
Abyss: Depths:2 Depths:3
Pandemonium: Depths:2 Depths:3
Ziggurat: Depths:1

Annotations:
Zot:1 2 runed translucent doors, oper's ghost, master NaTm
Zot:2 2 transporters, exclusion: orange crystal statue


Innate Abilities, Weirdness & Mutations

You cannot be hasted, slowed, berserked, paralysed or teleported.
You can dig through walls and to a lower floor.
You have a pair of large antennae on your head. (SInv)
Your four strong arms can wield two-handed weapons with a shield.
Your mind is acute. (Int +4, Str/Dex -1)
You are strong-willed. (Will+)
Your system is resistant to poisons. (rPois)
Your muscles are strong. (Str +4, Int/Dex -1)


Message History

You see here a +1 pair of boots of stealth.
Evevok hits you but does no damage.
You barely miss Evevok.
Evevok is lightly wounded.
You block Evevok's attack.
You slice Evevok!!
Evevok is moderately wounded.
You block Evevok's attack.
You slice Evevok!!
Evevok is heavily wounded.
You closely miss Evevok.
Evevok is heavily wounded.
Evevok hits you!
You closely miss Evevok.
Evevok is heavily wounded.
Evevok misses you.
You slash Evevok!
Evevok is heavily wounded.
You block Evevok's attack.
You chop Evevok into pieces!!!!
Evevok is almost dead.
You block Evevok's attack.
You slice Evevok!!
You kill Evevok!
Okawaru is honoured by your kill.
You see here a +1 pair of boots of stealth.
Things that are here:
a +0 leather armour; a +1 mace of protection
There is a stone staircase leading up here.
You fly upwards.
There is a stone staircase leading down here.
There is a stone staircase leading up here.
You fly upwards.
There is a stone staircase leading down here.
There is a stone staircase leading up here.
You fly upwards.
There is a stone staircase leading down here.
There is an open door here.
There is a staircase leading out of the dungeon here.
You have escaped!

#####.......###########.#.#
#..###############..#.# #...#
##○~~~~~~~☼##.#.####### ##..#
#~~~~~~~☼~~~#...#.##... #..#
#~~#~~○~#~~~#.##.#.#.## #..#
#~~~~§~~~~~~#.#.###..## #..#
#~~~~{~~~~~~#..## ##...
###..###############.#.###..##
#.[.....'....@....'..##.#.#.#
#.#..###############.###.##.##
#.#..# #~~~~~~~~~~~#.######...
####.#..###~~{~~~~~~~~#..########
.........##~~#~○~~#~~~#[.........
####......#~~~~~~○☼~~~#.###..#.##
###......>##§~~~~~~~~##.# #.#....
.......#.##############.###..#.##
.......#.# ##.#####..##......#.#


There were no monsters in sight!

Vanquished Creatures
  the Royal Jelly (Slime:5)
  A pandemonium lord (D:4)
  4 dread liches
  4 orbs of fire (Zot:5)
  5 ancient liches
  3 juggernauts
  Mara (Vaults:2)
  Sojobo (Vaults:4)
  4 Killer Klowns
  A curse toe (Zot:5)
  Xtahua (Vaults:2)
  Geryon (Hell)
  Margery (Depths:4)
  5 caustic shrikes
  6 golden dragons
  A profane servitor (Abyss:3)
  Arachne (Spider:1)
  4 bone dragons
  A Tzitzimitl (Depths:1)
  4 electric golems
  Asterion (Vaults:1)
  Rupert (Lair:4)
  18 tentacled monstrosities
  A Hell Sentinel (Depths:3)
  Zenata (Vaults:1)
  3 walking earthen tomes
  27 Orb Guardians
  3 deep elf blademasters
  6 liches
  8 quicksilver dragons
  6 titans
  12 acid blobs
  3 deep elf master archers (Elf:3)
  5 death cobs
  A kraken (Abyss:3)
  4 ancient champions
  9 sphinxes
  2 Executioners
  9 tentacled starspawn
  Polyphemus (Shoals:4)
  Kirke (Shoals:1)
  An eldritch tentacle (WizLab)
  The ghost of LLlMATKO the Severer, an adept MiBe of Trog (Shoals:2)
  7 tengu reavers
  Donald (Vaults:1)
  9 shadow dragons
  5 draconian monks
  A demonspawn warmonger (D:5)
  6 storm dragons
  8 fire giants
  Ilsuiw (Shoals:4)
  14 azure jellies
  10 rockslimes
  12 frost giants
  2 iron dragons (Hell)
  11 deep elf sorcerers
  14 vault wardens
  2 emperor scorpions
  3 ghost moths
  6 draconian scorchers
  Louise (Spider:2)
  8 draconian knights
  A balrug (Depths:1)
  3 orc warlords
  Aizul (Shoals:4)
  10 draconian shifters
  7 draconian annihilators
  A cacodemon (Hell)
  A draconian stormcaller (Zot:2)
  2 spriggan defenders (Depths:3)
  4 deep elf elementalists
  6 ironbound thunderhulks
  15 quicksilver oozes
  7 reapers
  31 very ugly things
  28 ironbound preservers
  A broodmother (Spider:3)
  A caustic shrike skeleton (Abyss:2)
  4 vampire knights
  19 stone giants
  10 green draconians
  7 deep elf demonologists
  A putrid mouth (Hell)
  A demonspawn black sun (D:5)
  11 black draconians
  2 lorocyprocas
  6 red draconians
  14 deep elf annihilators
  10 white draconians
  A minotaur (Gauntlet)
  17 dire elephants
  11 purple draconians
  10 entropy weavers
  11 spark wasps
  4 yellow draconians
  An eidolon (Abyss:3)
  18 merfolk impalers
  8 deep elf death magi
  A crystal guardian (Vaults:3)
  Snorg (D:12)
  A shambling mangrove (Abyss:3)
  A quicksilver dragon zombie (Abyss:3)
  3 iron golems (Hell)
  5 merfolk javelineers
  17 ettins
  A green death (Abyss:3)
  2 kraken zombies (Hell)
  6 deep elf high priests
  A fire dragon (shapeshifter) (Depths:3)
  17 yaktaur captains
  5 rakshasas
  2 spriggan zombies
  13 great orbs of eyes
  The ghost of Hadoje the Cleaver, a journeyman HOFi of Beogh (D:11)
  11 ice dragons
  The ghost of MrClown the Fighter, a journeyman DsNe of Kikubaaqudgha (D:11)
  35 vault guards
  18 fire dragons
  5 hydras
  2 hell beasts (Hell)
  17 boulder beetles
  4 radroaches
  3 spriggan air magi
  4 peacekeepers
  6 catoblepae
  2 merfolk aquamancers
  2 ogre magi
  5 ironbound frosthearts
  A jorogumo (Spider:3)
  3 death yaks (Shoals:4)
  An anaconda (shapeshifter) (Depths:3)
  30 dancing weapons
  3 merfolk avatars
  6 two-headed ogres
  An alligator (shapeshifter) (Vaults:5)
  21 centaur warriors
  7 hell hogs
  6 deep troll earth magi
  A satyr (shapeshifter) (Vaults:4)
  3 satyrs
  2 alligator snapping turtles (Shoals:4)
  7 tengu warriors
  The ghost of p0werm0de the Thaumaturge, a novice PaIE of Cheibriados (D:11)
  5 deep troll shamans
  Nergalle (Lair:3)
  4 orc high priests (Orc:2)
  6 spriggan berserkers
  16 deep elf knights
  8 thrashing horrors
  The ghost of t4s4d4r the Summoner, a journeyman FeSu of Gozag (D:11)
  31 hell knights
  8 sun demons
  5 iron trolls
  5 soul eaters (Hell)
  11 sea snakes
  A storm dragon skeleton (Depths:1)
  4 sun moths
  3 skeletal warriors
  6 shadow wraiths
  9 wretched stars
  8 pharaoh ants
  A spatial maelstrom (Abyss:3)
  A fire crab (Abyss:3)
  A swamp dragon (shapeshifter) (D:13)
  3 sixfirhies
  66 deep trolls
  7 flayed ghosts
  3 shadow demons
  9 orb spiders
  An anaconda zombie (Hell)
  5 glowing orange brains
  A spark wasp zombie (D:15)
  8 steelbarb worms
  4 phantasmal warriors
  13 deep elf pyromancers
  10 wizards
  6 deep elf archers
  18 ironbound convokers
  11 orc knights
  3 obsidian statues
  3 spectral wolf spiders (Spider:3)
  9 lindwurms
  2 lindwurms (shapeshifter)
  57 starcursed masses
  3 orange crystal statues
  2 anaconda skeletons (Hell)
  A tengu zombie (D:15)
  14 necromancers
  A spriggan simulacrum (Abyss:3)
  7 orc sorcerers
  20 deep elf zephyrmancers
  A wolf spider (shapeshifter) (Depths:3)
  2 iron dragon zombies (Depths:2)
  11 fauns
  21 harpies
  A frost giant zombie (D:15)
  A cyclops (shapeshifter) (Vaults:4)
  17 wolf spiders
  2 shining eyes (Slime:4)
  4 wolf spider zombies (Spider:3)
  12 large abominations (Abyss:3)
  19 manticores
  31 ugly things
  14 cyclopes
  A guardian serpent (shapeshifter) (D:14)
  A manticore (shapeshifter) (Depths:2)
  19 moths of wrath
  A stone giant skeleton (Depths:1)
  7 water nymphs
  2 worldbinders
  Maurice (D:9)
  11 elephants
  A moth of wrath (shapeshifter) (D:14)
  Joseph (D:10)
  9 rust devils
  5 apocalypse crabs (Abyss:3)
  5 orange demons
  13 merfolk sirens
  12 torpor snails
  A guardian serpent (WizLab)
  A fire giant skeleton (WizLab)
  12 smoke demons
  2 eyes of devastation (Slime:5)
  A black mamba (Lair:5)
  5 molten gargoyles (Hell)
  17 vault sentinels
  2 gargoyles
  4 cane toads
  2 cane toads (shapeshifter)
  3 hellions
  4 unseen horrors
  Psyche (D:12)
  A kobold demonologist (D:10)
  A demonspawn skeleton (WizLab)
  13 komodo dragons
  An alligator snapping turtle skeleton (Abyss:3)
  9 demonic crawlers
  3 hellwings
  A naga skeleton (Abyss:3)
  5 efreet
  A komodo dragon (shapeshifter) (Depths:3)
  3 tengu conjurers
  37 yaktaurs
  7 ice devils (Hell)
  26 merfolk
  6 freezing wraiths
  2 red devils
  12 ancient zymes
  8 trolls
  5 wind drakes
  A tengu simulacrum (Vaults:2)
  7 meliai
  6 wolf spider simulacra (Spider:3)
  7 tyrant leeches
  2 meliai (shapeshifter)
  A hydra zombie (Hell)
  A queen bee (shapeshifter) (Elf:1)
  12 polar bears
  2 tarantellas (shapeshifter)
  23 hornets
  Grinder (D:4)
  18 tarantellas
  5 dream sheep
  A dream sheep (shapeshifter) (D:14)
  A raiju (shapeshifter) (D:15)
  102 slime creatures
  4 raiju
  18 blink frogs
  2 alligator zombies (Hell)
  2 centaur simulacra
  5 snapping turtles
  A culicivora (shapeshifter) (D:14)
  5 wraiths
  17 culicivoras
  A spriggan skeleton (Depths:1)
  10 water elementals
  6 spriggans
  29 jumping spiders
  4 shadows
  2 vampires (D:14)
  17 small abominations
  2 air elementals
  2 dire elephant simulacra (IceCv)
  5 wyverns
  6 ynoxinuls
  2 hogs (Shoals:1)
  A human (Shoals:1)
  A basilisk (Lair:4)
  A sea snake simulacrum (Hell)
  2 fire elementals (Elf:1)
  6 golden eyes
  31 yaks
  2 vampire mosquitoes
  3 spatial vortices (WizLab)
  A steam dragon (D:10)
  Menkaure (D:5)
  50 redbacks
  3 chaos spawn
  3 neqoxecs
  An elf skeleton (WizLab)
  7 wargs
  A glowing shapeshifter zombie (D:15)
  2 hydra simulacra (IceCv)
  A two-headed ogre zombie (D:11)
  10 water moccasins
  3 acid dragons
  2 floating eyes (Depths:3)
  A floating eye (shapeshifter) (Vaults:5)
  23 hell hounds
  2 ettin simulacra (IceCv)
  3 ice beasts
  2 sky beasts (D:7)
  13 black bears
  An ice dragon simulacrum (Gauntlet)
  6 ogres
  38 orc warriors
  2 alligator simulacra (IceCv)
  5 centaurs
  31 wolves
  2 phantoms
  3 kobold brigands
  Blork the orc (D:4)
  7 bullfrogs
  2 gnoll sergeants
  2 necrophages (D:5)
  5 earth elementals
  16 scorpions
  A naga simulacrum (Abyss:3)
  A troll zombie (D:11)
  6 wights
  3 killer bees (D:7)
  9 howler monkeys
  2 vampire bats (Orc:2)
  8 electric eels
  A crimson imp (WizLab)
  9 hounds
  2 jellies
  18 orc priests
  2 iguanas (D:6)
  Ijyb (D:4)
  Natasha (thrice) (D:2)
  Terence (D:2)
  39 orc wizards
  A lightning spire (Zot:2)
  6 ogre zombies (D:11)
  A boggart simulacrum (Gauntlet)
  Robin (D:3)
  11 adders
  12 gnolls
  A shadow imp (D:8)
  5 white imps
  2 ufetubi
  7 worms
  2 dart slugs
  96 orcs
  12 bats
  8 endoplasms
  5 giant cockroaches
  24 goblins
  9 hobgoblins
  4 jackals (D:2)
  5 quokkas
  7 ball pythons
  7 frilled lizards
  2 goblin skeletons (D:11)
  5 goblin zombies (D:11)
  2 hobgoblin zombies (D:11)
  30 kobolds
  3 orc skeletons (D:11)
  13 orc zombies (D:11)
  5 rats
  17 starspawn tentacles
  7 tentacles
2751 creatures vanquished.

Vanquished Creatures (others)
  A fire giant (Depths:2)
  A very ugly thing (Depths:4)
  A vault guard (Vaults:5)
  An ice dragon (Depths:3)
  A hell knight (Vaults:5)
  A deep elf zephyrmancer (Elf:2)
  A wolf spider (Vaults:5)
  A blink frog (Abyss:3)
  A bush (Lair:3)
  22 fungi
  A lurking horror (Abyss:3)
  194 plants
  15 starspawn tentacles
  14 tentacles
  4 withered plants (D:15)
259 creatures vanquished.

Grand Total: 3010 creatures vanquished

Notes
Turn   | Place    | Note
-------+----------+-------------------------------------------
     0 | D:1      | TrebMcFLY the Formicid Fighter began the quest for the Orb.
     0 | D:1      | Reached XP level 1. HP: 18/18 MP: 1/1
   126 | D:1      | Reached XP level 2. HP: 19/24 MP: 2/2
   189 | D:1      | Found a faded altar of an unknown god.
   344 | D:1      | Reached XP level 3. HP: 27/30 MP: 3/3
   839 | D:2      | Noticed Natasha
  1118 | D:2      | Reached XP level 4. HP: 37/37 MP: 4/4
  1436 | D:2      | Killed Natasha
  1437 | D:2      | Reached XP level 5. HP: 40/42 MP: 5/5
  1497 | D:2      | Noticed Natasha
  1504 | D:2      | Killed Natasha
  1609 | D:2      | Noticed Terence
  1619 | D:2      | Killed Terence
  1711 | D:2      | Noticed Natasha
  1734 | D:2      | Killed Natasha
  1818 | D:3      | Identified the ring of the Unkillable {+Blink rC+ Will+
                  | MP+9}
  1955 | D:3      | Reached XP level 6. HP: 44/49 MP: 6/6
  2271 | D:3      | Reached skill level 5 in Axes
  2305 | D:3      | Noticed Robin
  2325 | D:3      | Killed Robin
  2772 | D:4      | Noticed Blork the orc
  2787 | D:4      | Killed Blork the orc
  2788 | D:4      | Reached XP level 7. HP: 55/55 MP: 7/7
  2984 | D:4      | Noticed Grinder
  3005 | D:4      | Killed Grinder
  3142 | D:4      | Noticed Ijyb
  3154 | D:4      | Killed Ijyb
  3155 | D:4      | Reached XP level 8. HP: 45/61 MP: 8/8
  3572 | D:5      | Entered Level 5 of the Dungeon
  3642 | D:5      | Found a broken altar of Ashenzari.
  3699 | D:5      | Noticed Menkaure
  3704 | D:5      | Killed Menkaure
  3724 | D:5      | Noticed a yak
  3724 | D:5      | Noticed a yak
  3724 | D:5      | Noticed a yak
  3838 | D:5      | Noticed a yak
  3946 | D:5      | Noticed a yak
  4164 | D:5      | Found Ulupt's Magic Scroll Shoppe.
  4359 | D:5      | Found a shimmering altar of Xom.
  4471 | D:5      | Reached skill level 10 in Axes
  4616 | D:6      | Reached XP level 9. HP: 62/67 MP: 9/9
  4652 | D:6      | Found a staircase to the Ecumenical Temple.
  4690 | Temple   | Entered the Ecumenical Temple
  4856 | Temple   | Became a worshipper of Warmaster Okawaru
  5201 | D:5      | Reached skill level 5 in Fighting
  5334 | D:6      | Reached skill level 1 in Invocations
  5580 | D:7      | Reached * piety under Okawaru
  5762 | D:7      | Reached skill level 5 in Shields
  6257 | D:7      | Reached ** piety under Okawaru
  7204 | D:7      | Reached XP level 10. HP: 56/76 MP: 12/12
  7351 | D:8      | Found an ornate altar of the Wu Jian Council.
  7430 | D:8      | Found Qinyzon's Jewellery Shop.
  7470 | D:8      | Reached skill level 5 in Armour
  8057 | D:9      | Noticed Maurice
  8112 | D:9      | Killed Maurice
  8360 | D:9      | Noticed an orange crystal statue
  8427 | D:9      | Found a hazy altar of Hepliaklqana.
  8464 | D:9      | Reached *** piety under Okawaru
  8641 | D:9      | Noticed a two-headed ogre
  9025 | D:9      | Noticed a two-headed ogre
  9033 | D:9      | Killed a two-headed ogre
  9034 | D:9      | Reached skill level 5 in Invocations
  9707 | D:9      | Killed a two-headed ogre
  9707 | D:9      | Reached **** piety under Okawaru
  9708 | D:9      | Reached XP level 11. HP: 33/84 MP: 15/15
  9921 | D:10     | Entered Level 10 of the Dungeon
  9939 | D:10     | Found a flagged portal.
 10039 | Bailey   | Entered a bailey
 10078 | Bailey   | Noticed an orc warlord
 10588 | Bailey   | Found a runed translucent gate.
 10588 | Bailey   | Found a runed translucent gate.
 10601 | Bailey   | Found a runed translucent gate.
 10721 | D:10     | Received a gift from Okawaru
 10780 | D:10     | Noticed Joseph
 10803 | D:10     | Killed Joseph
 11029 | D:10     | Noticed a two-headed ogre
 11340 | D:10     | Noticed a centaur warrior
 11361 | D:10     | Killed a centaur warrior
 11362 | D:10     | Reached skill level 1 in Dodging
 11532 | D:10     | Noticed a two-headed ogre
 11603 | D:10     | Reached ***** piety under Okawaru
 11797 | D:10     | Killed a two-headed ogre
 11909 | D:10     | Killed a two-headed ogre
 12921 | D:10     | Found a staircase to the Lair.
 12957 | D:10     | Found a shadowy altar of Dithmenos.
 12972 | D:10     | Reached XP level 12. HP: 92/92 MP: 17/17
 12995 | D:10     | Identified a scroll of acquirement
 13057 | Lair:1   | Entered Level 1 of the Lair of Beasts
 13378 | Lair:1   | Reached ****** piety under Okawaru
 13921 | Lair:2   | Received a gift from Okawaru
 13925 | Lair:2   | Found a staircase to the Shoals.
 14471 | Lair:2   | Found a hole to the Spider Nest.
 14471 | Lair:2   | Noticed an orb spider
 14837 | Lair:3   | Noticed Nergalle
 14854 | Lair:3   | Killed Nergalle
 14854 | Lair:3   | Identified the +8 executioner's axe "Xoist" {vorpal, Str+5
                  | Int+4} (Okawaru gifted it to you on level 3 of the Lair of
                  | Beasts)
 14854 | Lair:3   | Received a gift from Okawaru
 15117 | Lair:3   | Reached skill level 10 in Shields
 15397 | Lair:3   | Reached skill level 1 in Throwing
 15898 | Lair:3   | Reached XP level 13. HP: 73/101 MP: 18/18
 16006 | Lair:4   | Noticed Rupert
 16176 | Lair:3   | Received a gift from Okawaru
 16333 | D:11     | Found a staircase to the Orcish Mines.
 16654 | D:11     | Found Bumimije's Serpentskin Sales.
 16893 | D:11     | Found Ohogi's Distillery.
 16964 | D:11     | Found a runed translucent gate.
 16964 | D:11     | Found a runed translucent gate.
 16965 | D:11     | Found a runed translucent gate.
 16966 | D:11     | Noticed p0werm0de's ghost (novice PaIE)
 16966 | D:11     | Noticed Hadoje's ghost (journeyman HOFi)
 16967 | D:11     | Noticed MrClown's ghost (journeyman DsNe)
 16967 | D:11     | Noticed t4s4d4r's ghost (journeyman FeSu)
 17126 | D:12     | Noticed a boulder beetle
 17136 | D:12     | Killed a boulder beetle
 17244 | D:12     | Received a gift from Okawaru
 17495 | D:12     | Found Beocobuc's Tremendous Tomes.
 17534 | D:12     | Noticed Psyche
 17553 | D:12     | Killed Psyche
 17740 | D:12     | Found a runed translucent door.
 17744 | D:12     | Noticed Snorg
 17752 | D:12     | Killed Snorg
 17753 | D:12     | Reached skill level 5 in Dodging
 17772 | D:12     | Found a runed translucent door.
 17880 | D:11     | Bought 2 potions of heal wounds for 150 gold pieces
 17990 | D:13     | Found a gate to the Vaults.
 17990 | D:13     | Noticed a vault guard
 17990 | D:13     | Noticed a centaur warrior
 17990 | D:13     | Noticed a vault guard
 17990 | D:13     | Noticed a vault guard
 18241 | D:13     | Noticed a centaur warrior
 18484 | Lair:4   | Killed Rupert
 18485 | Lair:4   | Reached skill level 10 in Fighting
 19058 | Lair:5   | Entered Level 5 of the Lair of Beasts
 19067 | Lair:5   | Reached skill level 15 in Axes
 19074 | Lair:5   | Reached XP level 14. HP: 95/110 MP: 19/19
 19193 | Lair:5   | Identified the -1 pair of boots of Dust Devil {Harm Int+4}
                  | (Okawaru gifted it to you on level 5 of the Lair of Beasts)
 19193 | Lair:5   | Received a gift from Okawaru
 19268 | Lair:5   | Found a gate leading to a gauntlet.
 19293 | Gauntlet | Entered a Gauntlet
 19293 | Gauntlet | Found a transporter.
 19293 | Gauntlet | Found a transporter.
 19293 | Gauntlet | Found a transporter.
 19298 | Gauntlet | Found a transporter.
 19299 | Gauntlet | Found a transporter.
 19318 | Gauntlet | Found a transporter.
 19320 | Gauntlet | Found a transporter.
 19334 | Gauntlet | Found a transporter.
 19356 | Gauntlet | Found a transporter.
 19376 | Gauntlet | Found a transporter.
 19379 | Gauntlet | Found a transporter.
 19394 | Gauntlet | Found a transporter.
 19588 | Gauntlet | Reached skill level 10 in Armour
 19713 | Gauntlet | Noticed a minotaur
 19720 | Gauntlet | Killed a minotaur
 19874 | Lair:5   | Identified the +1 chain mail of Gaggoash {Fly rPois rF-
                  | Stlth-}
 19889 | Lair:5   | Found a viscous altar of Jiyva.
 19890 | Lair:5   | Found a staircase to the Slime Pits.
 20782 | Lair:5   | Identified the +1 pair of gloves of the Land of Plenty
                  | {Int+3} (Okawaru gifted it to you on level 5 of the Lair of
                  | Beasts)
 20782 | Lair:5   | Received a gift from Okawaru
 21244 | Lair:5   | Found a runed translucent door.
 21511 | Lair:5   | Reached XP level 15. HP: 108/119 MP: 20/20
 22645 | D:13     | Identified the +7 rapier of Zypheuh {chaos, Fly Will+
                  | Str-3}
 22750 | D:13     | Identified the +9 war axe of the Hammering Gods {flame, rN+
                  | Str+3} (Okawaru gifted it to you on level 13 of the
                  | Dungeon)
 22750 | D:13     | Received a gift from Okawaru
 24109 | D:14     | Received a gift from Okawaru
 24766 | D:14     | Identified the +0 cloak of Untold Secrets {+Blink rElec rF-
                  | Dex-3} (Okawaru gifted it to you on level 14 of the
                  | Dungeon)
 24766 | D:14     | Received a gift from Okawaru
 24901 | D:14     | Reached XP level 16. HP: 112/127 MP: 21/21
 25509 | D:15     | Entered Level 15 of the Dungeon
 25973 | D:15     | Found Watadad's Assorted Antiques.
 26013 | D:15     | Bought a pair of runed boots for 195 gold pieces
 26104 | D:15     | Found a staircase to the Depths.
 26490 | D:15     | Reached skill level 5 in Throwing
 26532 | D:15     | Found the +12 pair of quick blades "Gyre" and "Gimble"
                  | {protect}
 26818 | Orc:1    | Entered Level 1 of the Orcish Mines
 27162 | Orc:2    | Entered Level 2 of the Orcish Mines
 27299 | Orc:1    | Received a gift from Okawaru
 27832 | Orc:2    | Found a staircase to the Elven Halls.
 28116 | Orc:2    | Identified the +0 cloak of Minor Irritation {Dex+3}
                  | (Okawaru gifted it to you on level 2 of the Orcish Mines)
 28116 | Orc:2    | Received a gift from Okawaru
 28584 | Orc:2    | Found Hidalipyet's Antique Armour Emporium.
 28589 | Orc:2    | Found Kagereg's Jewellery Boutique.
 28595 | Orc:2    | Found Qyivoa's General Store.
 28607 | Orc:2    | Found Vezeckod's Jewellery Emporium.
 28801 | Orc:2    | Bought a ring of poison resistance for 320 gold pieces
 28892 | D:11     | Killed MrClown's ghost
 28894 | D:11     | Killed p0werm0de's ghost
 28898 | D:11     | Killed Hadoje's ghost
 28904 | D:11     | Killed t4s4d4r's ghost
 29624 | Spider:1 | Entered Level 1 of the Spider Nest
 29800 | Lair:2   | Reached XP level 17. HP: 97/135 MP: 20/23
 30192 | Spider:1 | Received a gift from Okawaru
 30816 | Spider:1 | Received a gift from Okawaru
 31028 | Spider:1 | Reached skill level 15 in Shields
 31156 | Spider:2 | Noticed Louise
 31165 | Spider:2 | Received a gift from Okawaru
 31167 | Spider:2 | Noticed Arachne
 31167 | Spider:2 | Killed Louise
 31527 | Spider:1 | Killed Arachne
 31527 | Spider:1 | Identified the +2 pair of gloves of the Loofah {+Blink}
                  | (Okawaru gifted it to you on level 1 of the Spider Nest)
 31527 | Spider:1 | Received a gift from Okawaru
 32727 | Spider:3 | Reached skill level 10 in Invocations
 32808 | Spider:3 | Found a frozen archway.
 32846 | IceCv    | Entered an ice cave
 32859 | IceCv    | Reached XP level 18. HP: 113/144 MP: 25/25
 32869 | IceCv    | Found a transporter.
 32956 | IceCv    | Found a transporter.
 32967 | IceCv    | Identified the +9 hand axe of Mucu {vorpal, Will+ Str+7}
 33706 | Spider:3 | Received a gift from Okawaru
 33714 | Spider:3 | Received a gift from Okawaru
 33750 | Spider:3 | Identified the +2 cloak of the Lychee {Slay+3 SInv}
                  | (Okawaru gifted it to you on level 3 of the Spider Nest)
 33750 | Spider:3 | Received a gift from Okawaru
 34252 | Spider:4 | Entered Level 4 of the Spider Nest
 34852 | Spider:4 | Reached skill level 10 in Dodging
 36062 | Spider:3 | Identified the +8 crystal plate armour of the Sky {Contam
                  | Fly Regen+ Slay+3} (Okawaru gifted it to you on level 3 of
                  | the Spider Nest)
 36062 | Spider:3 | Received a gift from Okawaru
 36380 | Spider:4 | Got a gossamer rune of Zot
 36659 | Spider:2 | Identified the ring of Xom's Capriciousness {rPois rC+
                  | rCorr Int+6}
 36697 | Spider:2 | Identified the +0 robe "Caahyrupt" {Drain Fly Int+8 Slay-2}
 36836 | Spider:2 | Identified the +2 robe of Qanyril {*Corrode Drain rPois
                  | Int+6}
 37040 | Shoals:1 | Entered Level 1 of the Shoals
 37146 | Shoals:1 | Noticed Kirke
 37154 | Shoals:1 | Killed Kirke
 37198 | Shoals:1 | Reached XP level 19. HP: 153/153 MP: 26/26
 37971 | Shoals:2 | Found Ukeynoof's Assorted Antiques.
 37982 | Shoals:2 | Found a flickering gateway to a bazaar.
 37985 | Shoals:2 | Bought a scroll labelled PIZEVU NEIKH for 27 gold pieces
 38003 | Bazaar   | Entered a bazaar
 38008 | Bazaar   | Found Ireoxim's Book Boutique.
 38029 | Bazaar   | Found Solotok's Assorted Antiques.
 38029 | Bazaar   | Found Judeoss's Antique Armour Boutique.
 38055 | Bazaar   | Found Peon's Book Shop.
 38137 | Bazaar   | Bought a potion of mutation for 288 gold pieces
 38281 | Shoals:2 | Found Diynaoz's Assorted Antiques.
 38315 | Shoals:2 | Bought a potion of mutation for 280 gold pieces
 38329 | Shoals:2 | Found Dicey's Antique Weapon Boutique.
 38360 | Shoals:2 | Found Ykic's Jewellery Boutique.
 38443 | Shoals:2 | Received a gift from Okawaru
 38458 | Shoals:2 | Found a runed translucent gate.
 38458 | Shoals:2 | Found a runed translucent gate.
 38458 | Shoals:2 | Found a runed translucent gate.
 38459 | Shoals:2 | Found an opulent altar of Gozag.
 38459 | Shoals:2 | Found Udwepuh's Assorted Antiques.
 38460 | Shoals:2 | Found Iredgh's Assorted Antiques.
 38460 | Shoals:2 | Noticed LLlMATKO's ghost (adept MiBe)
 38806 | Shoals:3 | Received a gift from Okawaru
 38825 | Shoals:3 | Identified the +7 plate armour of the Dice {rN+ Dex+2}
 39732 | Shoals:4 | Entered Level 4 of the Shoals
 39770 | Shoals:4 | Received a gift from Okawaru
 39792 | Shoals:4 | Identified the +1 robe of Lesser Demons {Str+3}
 39847 | Shoals:4 | Noticed Polyphemus
 39867 | Shoals:4 | Killed Polyphemus
 39921 | Shoals:4 | Noticed Aizul
 39933 | Shoals:4 | Killed Aizul
 39963 | Shoals:4 | Received a gift from Okawaru
 40002 | Shoals:4 | Identified the +6 trident "Dozelus" {vorpal, Str+5 Int-5}
                  | (Okawaru gifted it to you on level 4 of the Shoals)
 40002 | Shoals:4 | Received a gift from Okawaru
 40003 | Shoals:4 | Reached skill level 15 in Fighting
 40025 | Shoals:4 | Got a barnacled rune of Zot
 40206 | Shoals:4 | Reached XP level 20. HP: 153/162 MP: 27/27
 40281 | Shoals:4 | Got the Secrets of the Ground and Invitation
 40419 | Shoals:4 | Noticed Ilsuiw
 40431 | Shoals:4 | Killed Ilsuiw
 40527 | Shoals:4 | Received a gift from Okawaru
 41232 | Vaults:1 | Entered Level 1 of the Vaults
 41232 | Vaults:1 | Noticed Donald
 41236 | Vaults:1 | Killed Donald
 41295 | Vaults:1 | Noticed Zenata
 41312 | Vaults:1 | Killed Zenata
 41514 | Vaults:1 | Received a gift from Okawaru
 41582 | Vaults:1 | Reached skill level 15 in Armour
 41590 | Vaults:1 | Identified the +2 robe "Nouney" {rElec Str+2 Int-5 Dex+8}
                  | (Okawaru gifted it to you on level 1 of the Vaults)
 41590 | Vaults:1 | Received a gift from Okawaru
 41715 | Vaults:1 | Noticed Asterion
 41736 | Vaults:1 | Killed Asterion
 42371 | Vaults:2 | Reached XP level 21. HP: 168/170 MP: 28/28
 42410 | Vaults:2 | Noticed a bone dragon
 42411 | Vaults:2 | Found a staircase to the Crypt.
 42420 | Vaults:2 | Killed a bone dragon
 42420 | Vaults:2 | Received a gift from Okawaru
 42496 | Vaults:2 | Noticed Xtahua
 42504 | Vaults:2 | Killed Xtahua
 42505 | Vaults:2 | Reached skill level 10 in Throwing
 42558 | Vaults:2 | Found a magical portal.
 42586 | WizLab   | Entered The Roulette of Golubria
 42586 | WizLab   | Found a transporter.
 42593 | WizLab   | Found a corrupted altar of Lugonu.
 42601 | WizLab   | Found a corrupted altar of Lugonu.
 42690 | WizLab   | Found a corrupted altar of Lugonu.
 42747 | WizLab   | Found a transporter.
 42776 | WizLab   | Found a transporter.
 42811 | WizLab   | Found a transporter.
 42811 | WizLab   | Found a transporter.
 42883 | WizLab   | Found a transporter.
 42927 | WizLab   | Found a transporter.
 43106 | WizLab   | Found a transporter.
 43152 | WizLab   | Found a transporter.
 43152 | WizLab   | Found a transporter.
 43183 | WizLab   | Found a transporter.
 43183 | WizLab   | Found a transporter.
 43216 | WizLab   | Found a transporter.
 43216 | WizLab   | Found a transporter.
 43231 | WizLab   | Found a transporter.
 43231 | WizLab   | Found a transporter.
 43273 | WizLab   | Found a transporter.
 43273 | WizLab   | Found a transporter.
 43381 | WizLab   | Identified the +0 pair of boots "Hawovuzili" {-Tele Rampage
                  | rN+++} (Okawaru gifted it to you in a wizard's laboratory)
 43381 | WizLab   | Received a gift from Okawaru
 43383 | WizLab   | Found a transporter.
 43383 | WizLab   | Found a transporter.
 43395 | WizLab   | Identified the +2 cloak of Hogaawes {rC+ Will+}
 43401 | WizLab   | Identified the +2 cloak of Negation {Regen+ Stlth+}
 43405 | WizLab   | Got Golubria's Volume of Shifting
 43406 | WizLab   | Identified the +3 cloak of Mezcal {rC++}
 43419 | WizLab   | Got Golubria's Excursus on the Tesseract
 44127 | Vaults:2 | Noticed Mara
 44132 | Vaults:2 | Killed Mara
 44132 | Vaults:2 | Identified the +1 pair of gloves "Meps" {rElec Stlth+}
                  | (Okawaru gifted it to you on level 2 of the Vaults)
 44132 | Vaults:2 | Received a gift from Okawaru
 44489 | Vaults:2 | Reached XP level 22. HP: 133/179 MP: 29/29
 45334 | Vaults:3 | Identified the +7 battleaxe of Owuvof {vorpal, Dex+4}
 46098 | Vaults:3 | Received a gift from Okawaru
 46391 | Vaults:3 | Identified the +0 robe "Hucumag" {rF- Int+6} (Okawaru
                  | gifted it to you on level 3 of the Vaults)
 46391 | Vaults:3 | Received a gift from Okawaru
 47238 | Vaults:4 | Identified the +2 leather armour of Patterns {Harm}
 47507 | Vaults:4 | Noticed Sojobo
 47520 | Vaults:4 | Killed Sojobo
 47637 | Vaults:4 | Received a gift from Okawaru
 47644 | Vaults:4 | Reached XP level 23. HP: 165/187 MP: 30/30
 48002 | Vaults:4 | Received a gift from Okawaru
 48324 | Elf:1    | Entered Level 1 of the Elven Halls
 49102 | Elf:1    | Received a gift from Okawaru
 49719 | Elf:2    | Received a gift from Okawaru
 49957 | Elf:2    | Found a runed translucent gate.
 49957 | Elf:2    | Found a runed translucent gate.
 49958 | Elf:2    | Found a runed translucent gate.
 50513 | Elf:2    | Identified the +10 long sword "Nokkufe" {flame, Dex+4
                  | Stlth+} (Okawaru gifted it to you on level 2 of the Elven
                  | Halls)
 50513 | Elf:2    | Received a gift from Okawaru
 50777 | Elf:2    | Reached XP level 24. HP: 170/197 MP: 30/30
 50950 | Elf:3    | Entered Level 3 of the Elven Halls
 51683 | Elf:3    | Received a gift from Okawaru
 52206 | Elf:3    | Found the ring of the Octopus King
 52250 | Elf:3    | Got the Reference Book on the Grisly Entourage
 52254 | Elf:3    | Got the Secrets of the Fetching Rocks
 52258 | Elf:3    | Identified the +6 long sword of Armageddon {elec, rPois
                  | Will+}
 52278 | Elf:3    | Identified the +10 long sword of Gusikor {elec, rF+ Int+4}
 52282 | Elf:3    | Identified the +5 dagger of Dismay {freeze, rPois}
 52290 | Elf:3    | Identified the +11 spear of Spontaneous Combustion {venom,
                  | rPois rC+ Str-3}
 52302 | Elf:3    | Found the ring of the Tortoise {AC+8}
 52309 | Elf:3    | Identified the ring "Tesmocsaase" {Ice Int+2}
 52315 | Elf:3    | Identified the +1 cloak "Voudoam" {rElec Stlth+}
 52339 | Elf:3    | Identified a ring of the Octopus King {rF+ HP+2 AC+2 EV+2
                  | SH+2}
 52667 | Depths:1 | Entered Level 1 of the Depths
 52667 | Depths:1 | Found a one-way gateway to a ziggurat.
 52795 | Depths:1 | Found a gateway to Hell.
 53611 | Depths:1 | Found a runed translucent door.
 53614 | Depths:1 | Found a radiant altar of Vehumet.
 53614 | Depths:1 | Noticed an ancient lich
 53739 | Depths:1 | Identified the +1 pair of boots of Typoxocs {Fly Stlth+}
                  | (Okawaru gifted it to you on level 1 of the Depths)
 53739 | Depths:1 | Received a gift from Okawaru
 53954 | Depths:1 | Identified the +1 battleaxe of Optimality {antimagic, rC-
                  | rCorr Str+2}
 53989 | Depths:1 | Got the Compendium of Sophism
 54075 | Depths:1 | Found the +3 giant club "Skullcrusher" {speed, Str+7}
 54265 | Depths:2 | Found a one-way gate leading to the halls of Pandemonium.
 54520 | Depths:2 | Found a one-way gate to the infinite horrors of the Abyss.
 54595 | Depths:2 | Noticed a juggernaut
 54607 | Depths:2 | Killed a juggernaut
 54608 | Depths:2 | Reached XP level 25. HP: 204/206 MP: 30/30
 54703 | Depths:2 | Noticed a juggernaut
 54712 | Depths:2 | Killed a juggernaut
 54713 | Depths:2 | Reached skill level 15 in Dodging
 54808 | Depths:2 | Got the Anthology of Terrain and Allies
 55184 | Depths:2 | Received a gift from Okawaru
 55520 | Depths:3 | Reached skill level 1 in Spellcasting
 55864 | Depths:3 | Received a gift from Okawaru
 56062 | Depths:3 | Received a gift from Okawaru
 56345 | Depths:3 | Identified the +4 short sword of the Seven Curses {vorpal,
                  | rPois}
 56350 | Depths:3 | Identified the ring "Ciaruas" {EV+4 Str+3}
 56511 | Depths:3 | Noticed a caustic shrike
 56526 | Depths:3 | Killed a caustic shrike
 56881 | Depths:3 | Found the +18 shield of the Gong {rElec rN+ Will+ EV-5}
 56889 | Depths:3 | Identified the +4 short sword of Division {vorpal, rElec
                  | rPois Dex+4}
 56893 | Depths:3 | Identified the +13 plate armour of Haunted Brilliance
                  | {Int+4}
 56894 | Depths:3 | Identified the +6 halberd of Laceration {flame, rPois Dex+4
                  | Stlth-}
 57356 | Depths:4 | Entered Level 4 of the Depths
 57374 | Depths:4 | Noticed a juggernaut
 57385 | Depths:4 | Killed a juggernaut
 57413 | Depths:4 | Received a gift from Okawaru
 57451 | Depths:4 | Noticed a caustic shrike
 57451 | Depths:4 | Noticed a caustic shrike
 57452 | Depths:4 | Noticed a caustic shrike
 57453 | Depths:4 | Noticed a caustic shrike
 57485 | Depths:4 | Killed a caustic shrike
 57489 | Depths:4 | Killed a caustic shrike
 57492 | Depths:4 | Killed a caustic shrike
 57504 | Depths:3 | Killed a caustic shrike
 57504 | Depths:3 | Received a gift from Okawaru
 57589 | Depths:4 | Reached XP level 26. HP: 195/217 MP: 30/30
 57614 | Depths:4 | Reached skill level 5 in Spellcasting
 57766 | Depths:4 | Noticed Margery
 57779 | Depths:4 | Killed Margery
 57801 | Depths:4 | Found Luozoune's Pet Rocks.
 57848 | Depths:4 | Found a hazy altar of Hepliaklqana.
 58344 | Depths:4 | Found a gate to the Realm of Zot.
 58994 | Vaults:5 | Entered Level 5 of the Vaults
 59032 | Vaults:4 | Received a gift from Okawaru
 59096 | Vaults:5 | Identified the +3 executioner's axe "Owomp" {holy, *Corrode
                  | +Blink Int-3 Dex+7} (Okawaru gifted it to you on level 5 of
                  | the Vaults)
 59096 | Vaults:5 | Received a gift from Okawaru
 59493 | Vaults:4 | Received a gift from Okawaru
 59548 | Vaults:5 | Gained mutation: Your magical capacity is low. (-10% MP) [a
                  | shining eye]
 59741 | Vaults:4 | Reached XP level 27. HP: 193/220 MP: 28/28
 59917 | Vaults:5 | Received a gift from Okawaru
 60140 | Vaults:5 | Identified the +0 ring mail "Meduc" {Drain rPois rCorr}
 60167 | Vaults:5 | Identified the ring "Ikhloteg" {rF+ Will+ Int+4}
 60201 | Vaults:5 | Noticed a dread lich
 60212 | Vaults:5 | Killed a dread lich
 60487 | Vaults:5 | Found the +8 longbow "Zephyr" {speed, Dex+3 SInv}
 60490 | Vaults:5 | Identified the +4 quarterstaff "Morghang" {elec, Str+3}
 60586 | Vaults:5 | Got a silver rune of Zot
 60757 | Vaults:5 | Found the +9 heavy crossbow "Sniper" {vorpal, Acc+∞ SInv}
 60797 | Vaults:5 | Identified the +5 chain mail of Ru's Regard {Str+3}
 61496 | Shoals:2 | Killed LLlMATKO's ghost
 61575 | Shoals:2 | Bought a scroll of silence for 171 gold pieces
 62148 | Depths:1 | Killed an ancient lich
 62361 | Zot:1    | Entered Level 1 of the Realm of Zot
 62956 | Zot:1    | Received a gift from Okawaru
 63018 | Zot:1    | Found a large runed translucent door.
 63019 | Zot:1    | Found a large runed translucent door.
 63024 | Zot:1    | Noticed oper's ghost (master NaTm)
 63372 | Zot:2    | Received a gift from Okawaru
 63633 | Zot:2    | Identified the +7 dire flail of Intimidation {venom, rC+
                  | Stlth+} (Okawaru gifted it to you on level 2 of the Realm
                  | of Zot)
 63633 | Zot:2    | Received a gift from Okawaru
 63744 | Zot:2    | Found a transporter.
 63751 | Zot:2    | Found a transporter.
 64867 | Zot:3    | Received a gift from Okawaru
 65882 | Zot:5    | Entered Level 5 of the Realm of Zot
 66705 | Zot:5    | Noticed an orb of fire
 66711 | Zot:5    | Noticed an ancient lich
 66713 | Zot:5    | Noticed a dread lich
 66713 | Zot:5    | Noticed an orb of fire
 66713 | Zot:5    | Noticed a Killer Klown
 66713 | Zot:5    | Noticed an orb of fire
 66715 | Zot:5    | Noticed a Killer Klown
 66719 | Zot:5    | Noticed an ancient lich
 66720 | Zot:5    | Gained mutation: You have hidden genetic defects. [an orb
                  | of fire]
 66721 | Zot:5    | Gained mutation: You are resistant to electric shocks.
                  | (rElec) [an orb of fire]
 66723 | Zot:5    | Killed an orb of fire
 66729 | Zot:5    | Killed an ancient lich
 66743 | Zot:5    | Killed an orb of fire
 66747 | Zot:5    | Killed a dread lich
 66749 | Zot:5    | Killed an ancient lich
 66753 | Zot:5    | Killed an orb of fire
 66753 | Zot:5    | Received a gift from Okawaru
 66802 | Zot:5    | Noticed an ancient lich
 66802 | Zot:5    | Noticed a Killer Klown
 66802 | Zot:5    | Noticed an orb of fire
 66805 | Zot:5    | Gained mutation: You are weak. (Str -2) [hidden defects]
 66815 | Zot:5    | Noticed a dread lich
 66821 | Zot:5    | Killed an ancient lich
 66825 | Zot:5    | Gained mutation: You are frail. (-10% HP) [an orb of fire]
 66835 | Zot:5    | Noticed a dread lich
 66836 | Zot:5    | Gained mutation: You have terrible hidden genetic defects.
                  | [an orb of fire]
 66843 | Zot:5    | Gained mutation: You are very weak. (Str -4) [an orb of
                  | fire]
 66915 | Zot:5    | Gained mutation: You are dopey. (Int -2) [an orb of fire]
 66919 | Zot:5    | Killed an orb of fire
 66919 | Zot:5    | Identified the +0 pair of boots "Buulomot" {rF+ Int+4}
                  | (Okawaru gifted it to you on level 5 of the Realm of Zot)
 66919 | Zot:5    | Received a gift from Okawaru
 67017 | Zot:5    | Killed a Killer Klown
 67022 | Zot:5    | Killed a dread lich
 67022 | Zot:5    | Killed a dread lich
 67168 | Zot:4    | Killed a Killer Klown
 67274 | Zot:5    | Killed a Killer Klown
 67288 | Zot:5    | Gained mutation: You are clumsy. (Dex -2) [hidden defects]
 67288 | Zot:5    | Lost mutation: You have terrible hidden genetic defects.
                  | [hidden defects expressed]
 67302 | Zot:5    | Identified the ring of Ytsaebuve {+Blink rCorr Str+3 Dex-5}
 67308 | Zot:5    | Noticed a Killer Klown
 67329 | Zot:5    | Killed a Killer Klown
 67709 | Zot:5    | Received a gift from Okawaru
 67732 | Zot:5    | Gained mutation: You are very dopey. (Int -4) [hidden
                  | defects]
 67898 | Zot:5    | Lost mutation: You are very dopey. (Int -4) [potion of
                  | mutation]
 67898 | Zot:5    | Lost mutation: Your magical capacity is low. (-10% MP)
                  | [potion of mutation]
 67898 | Zot:5    | Lost mutation: You are clumsy. (Dex -2) [potion of
                  | mutation]
 67898 | Zot:5    | Lost mutation: You have hidden genetic defects. [potion of
                  | mutation]
 67898 | Zot:5    | Lost mutation: You are very weak. (Str -4) [potion of
                  | mutation]
 67898 | Zot:5    | Gained mutation: You occasionally shout uncontrollably at
                  | your foes. [potion of mutation]
 67898 | Zot:5    | Gained mutation: Your spells are a little harder to cast,
                  | but a little more powerful. [potion of mutation]
 68413 | Slime:1  | Entered Level 1 of the Pits of Slime
 68527 | Slime:4  | Identified the +7 broad axe of Terror {vorpal, rPois rF+
                  | rN+ Int-4 SInv} (Okawaru gifted it to you on level 4 of the
                  | Pits of Slime)
 68527 | Slime:4  | Received a gift from Okawaru
 68914 | Slime:4  | Gained mutation: You occasionally lose the ability to drink
                  | potions when taking damage. [a shining eye]
 68958 | Slime:5  | Entered Level 5 of the Pits of Slime
 68959 | Slime:5  | Lost mutation: Your spells are a little harder to cast, but
                  | a little more powerful. [potion of mutation]
 68959 | Slime:5  | Lost mutation: You occasionally shout uncontrollably at
                  | your foes. [potion of mutation]
 68959 | Slime:5  | Lost mutation: You are resistant to electric shocks.
                  | (rElec) [potion of mutation]
 68959 | Slime:5  | Lost mutation: You are weak. (Str -2) [potion of mutation]
 68959 | Slime:5  | Gained mutation: Your muscles are strong. (Str +4, Int/Dex
                  | -1) [potion of mutation]
 69056 | Slime:5  | Noticed the Royal Jelly
 69215 | Slime:5  | Received a gift from Okawaru
 69256 | Slime:5  | Found a viscous altar of Jiyva.
 69266 | Slime:5  | Found the +10 zealot's sword {holy, *Rage rN+ EV+3}
 69317 | Slime:5  | Received a gift from Okawaru
 69343 | Slime:5  | Killed the Royal Jelly
 69361 | Slime:5  | HP: 10/211 [acid[the Royal Jelly] (3)]
 69558 | Slime:5  | Identified the +6 leather armour "Puin" {rC+}
 69565 | Slime:5  | Identified the +6 quarterstaff of Fate {protect, Int+7
                  | SInv}
 69574 | Slime:5  | Identified the ring of the Empty Page {rCorr MP+9 Int+5
                  | Dex+4}
 69602 | Slime:5  | Got a slimy rune of Zot
 69639 | Slime:5  | Got Vehumet's Compilation of Damage Dealing
 69640 | Slime:5  | Identified the +2 robe "Notyqac" {rF+}
 69827 | Lair:5   | Lost mutation: You are frail. (-10% HP) [potion of
                  | mutation]
 69827 | Lair:5   | Lost mutation: You are dopey. (Int -2) [potion of mutation]
 69827 | Lair:5   | Lost mutation: You occasionally lose the ability to drink
                  | potions when taking damage. [potion of mutation]
 69827 | Lair:5   | Gained mutation: Your system is resistant to poisons.
                  | (rPois) [potion of mutation]
 69827 | Lair:5   | Gained mutation: You are strong-willed. (Will+) [potion of
                  | mutation]
 70160 | Depths:2 | Voluntarily entered the Abyss.
 70502 | Abyss:3  | Identified the +7 executioner's axe of Revolt {speed,
                  | +Blink Str+3} (Okawaru gifted it to you on level 3 of the
                  | Abyss)
 70502 | Abyss:3  | Received a gift from Okawaru
 70847 | Abyss:3  | HP: 11/220 [profane servitor/+2 demon whip of draining (3)]
 70851 | Abyss:3  | Received a gift from Okawaru
 70852 | Abyss:3  | HP: 8/221 [starcursed mass/accursed screaming (8)]
 70867 | Abyss:3  | Got an abyssal rune of Zot
 71199 | Abyss:3  | Identified the +0 ring mail "Hadwofutt" {rElec rPois
                  | Stlth+} (Okawaru gifted it to you on level 3 of the Abyss)
 71199 | Abyss:3  | Received a gift from Okawaru
 71375 | Abyss:3  | Gained mutation: Your mind is acute. (Int +4, Str/Dex -1)
                  | [a neqoxec]
 71429 | Depths:2 | Escaped the Abyss
 71491 | Hell     | Entered the Vestibule of Hell
 71510 | Hell     | Noticed Geryon
 71547 | Hell     | Killed Geryon
 71730 | Hell     | Found a gateway to the Iron City of Dis.
 71871 | Hell     | Found a gateway to the ashen valley of Gehenna.
 71946 | Hell     | Reached skill level 15 in Throwing
 72133 | Hell     | Found a gateway to the decaying netherworld of Tartarus.
 72223 | Hell     | Received a gift from Okawaru
 72256 | Hell     | Found a gateway to the freezing wastes of Cocytus.
 72626 | Zot:5    | Got the Orb of Zot
 73259 | D:4      | Noticed Evevok the pandemonium lord
 73259 | D:4      | Noticed an ancient lich
 73265 | D:4      | Killed an ancient lich
 73265 | D:4      | Received a gift from Okawaru
 73273 | D:4      | Killed Evevok the pandemonium lord
 73351 | D:$      | Escaped with the Orb!

Illustrated notes

Levels and vault maps discovered:
D:1:      saegor_arrival_miasma, layout_loops_ring, basic_ecumenical_altar
D:2:      layout_basic, chequers_serial_rivers_small_b,
          kennysheep_generic_room_15, uniq_terence, uniq_natasha
D:3:      layout_loops_corners, minmay_misc_feat_chi, uniq_robin
D:4:      layout_basic, kennysheep_potato, uniq_grinder, uniq_ijyb,
          uniq_blork_the_orc
D:5:      layout_rooms, ashenzari_altar_1, mainiacjoe_overflow_alcove_4,
          serial_shops, nicolae_shop_statue_plus, hellmonk_bongcloud_opening,
          grunt_ministairs_10, nicolae_wormholes, uniq_menkaure
D:6:      layout_gridville, temple_pool_b
D:7:      layout_loops_ring, reono_crystal_passage
D:8:      layout_loops_ring, mainiacjoe_overflow_paths, serial_shops,
          shop_fountains, serial_bayou, serial_bayou_shore_b,
          serial_bayou_crossing, serial_bayou_pond_c, serial_bayou_lagoon_a,
          serial_bayou_pond_b, chequers_serial_rivers_room_b
D:9:      layout_roguey, mainiacjoe_overflow_catwalk, nicolae_water_bricks,
          minmay_protected_statue, uniq_maurice
D:10:     layout_irregular_city, grunt_dithmenos_shadows, erik_lair_island,
          enter_bailey_5, minmay_joined_circles, uniq_joseph
D:11:     layout_rooms, zombieorc2_lemuel, serial_shops,
          nicolae_take_the_stairs, gammafunk_ghost_cemetery, guppyfry_shop_venom
D:12:     lemuel_insect_pit, layout_rooms, nicolae_shop_i_like_big_books,
          uniq_snorg, uniq_psyche
D:13:     layout_gridville, lightli_vaults_fourway_checkpoint
D:14:     minmay_the_grid_octo_tiled_octocenter [minmay_the_grid_octo_checkered,
          minmay_the_grid_octo_pinwheel, minmay_the_grid_octo_vomiting_pacman,
          minmay_the_grid_octo_fan_narrow,
          minmay_the_grid_octo_prize_ultimate_mussel_roller,
          minmay_the_grid_square_5x5_fat_x, minmay_the_grid_square_5x5_minibox,
          minmay_the_grid_square_5x5_spiral,
          minmay_the_grid_square_5x5_moneybag], layout_basic, serial_glass,
          glass_columns_a, glass_columns_b, glass_columns_b, glass_columns_b,
          glass_columns_b, glass_columns_a, glass_columns_a, glass_columns_c,
          glass_columns_b, glass_columns_b, grunt_tough_drop
D:15:     gammafunk_depths_entry_grave, layout_basic, serial_shops,
          nicolae_shop_overgrown_old_shop, corner_web_ring,
          hellmonk_guarded_unrand_gyre_and_gimble
Temple:   minmay_crystal_spiral_temple
Lair:1:   layout_cave_pods
Lair:2:   layout_big_grid, elwin_shoals_entry_rocks,
          nicolae_spider_entry_orb_guardian
Lair:3:   layout_loops_ring, uniq_nergalle
Lair:4:   layout_big_grid, grunt_megastairs_1, infiniplex_staircase_pool_2,
          uniq_rupert
Lair:5:   wormcave, layout_cellular_growth, hangedman_lair_caniforms_friends,
          slime_entry_1, gauntlet_entry_generic, serial_bayou_shore_a
Shoals:1: layout_shoals, nicolae_shoals_seven_spires, uniq_kirke
Shoals:2: nicolae_shoals_island_circles, layout_shoals, serial_shops,
          bzr_entry_safe, shop_fountains, shop, nicolae_diamond_shop, shop,
          ebering_ghost_gozag
Shoals:3: layout_shoals, nicolae_shoals_mertower
Shoals:4: shoals_end_grunt_ice, layout_shoals, shoals_ilsuiw_ice,
          uniq_polyphemus, uniq_aizul
Spider:1: layout_spider_delve, drop_trap
Spider:2: spiders_nest_scorpion_pit, hangedman_stitches_earthworm, uniq_arachne,
          uniq_louise
Spider:3: layout_cave_pods, portal_ice_cave_entry_pillars_1,
          nicolae_spider_cling_ruins, nicolae_spider_undead_wolf_pack
Spider:4: hellmonk_spider_rune_bug_friends
Slime:1:  layout_caves
Slime:2:  layout_caves
Slime:3:  cheibrodos_slime_lost_civilization_3, layout_caves,
          nicolae_slime_welcoming_committee
Slime:4:  layout_caves
Slime:5
Orc:1:    layout_caves, rock_pile
Orc:2:    st_orc_elflike, layout_caves, nicolae_orc_pool_cavern,
          roderic_batcave, mines2_david
Elf:1:    layout_loops_corners, kennysheep_underground_church
Elf:2:    nicolae_elf_blades_splatter_lattice
          [nicolae_blade_entry_crossed_weapons], layout_geoelf_octagon,
          special_room [special_room_mythical_zoo], minivault_16
Elf:3:    minmay_elf_hall_quartered_circle, layout_geoelf_castle
Vaults:1: grunt_vaults_diagonal, v_misc_28, ontoclasm_vaults_decontamination,
          vaults_standard_mumra_enter_the_diamond, v_rooms_6,
          ontoclasm_vaults_ring_small, vaults_dpeg_encased_lava, v_rooms_2,
          v_misc_9, layout_vaults_maze_bifur, uniq_zenata, uniq_asterion,
          uniq_donald
Vaults:2: infiniplex_enter_wizlab_spiral, hangedman_vaults_trim, v_misc_22,
          minmay_crypt_entry_nasty_monster, vaults_room_door_ring,
          dpeg_vaults_pockets_of_resistance, hangedman_vaults_corner,
          vaults_standard_mumra_x, serial_ice_h, grunt_vaults_hallway_short,
          v_misc_5, layout_vaults_omnicross, uniq_mara, uniq_xtahua
Vaults:3: v_misc_12, ontoclasm_vaults_ring_square, v_misc_28,
          grunt_vaults_focal, nicolae_vaults_alarming, ontoclasm_vaults_fault,
          nicolae_vaults_little_squares_1, v_misc_27, vaults_room_semicircle,
          vaults_mumra_hex, layout_vaults_omnigrid
Vaults:4: ontoclasm_vaults_hangar, hangedman_vaults_capsules,
          nicolae_vaults_windows_and_doors_thing, dpeg_vaults_monster_box,
          vaults_room_ringed_pool, nicolae_vaults_asterisk,
          grunt_vaults_hallway_short, hangedman_vaults_stagger,
          hangedman_vaults_locks, v_misc_25, v_alt_pattern_2,
          vaults_dpeg_diagonal, ontoclasm_vaults_ligature,
          nicolae_vaults_shelves_hall, nicolae_vaults_little_squares_3,
          sword_in_stone, ontoclasm_vaults_pinch, vaults_room_pool,
          layout_vaults_ring
Vaults:5
Depths:1: minmay_triangles_in_corner, layout_basic, enter_ziggurat_d,
          hell_entry, glass_columns_b, grunt_absolute_annihilation
Depths:2: hangedman_cross_veins, layout_cave_shapes, abyss_entry, hell_entry,
          pan_entry, infiniplex_staircase_split_hallway
Depths:3: little_maze_vault, layout_cave_pools, rand_demon_pan_entry_9,
          nicolae_abyss_entry_one_way_or_another, hell_entry,
          grunt_ministairs_5, minmay_misc_feat_more_columns,
          minmay_staircase_windowed_small
Depths:4: evilmike_zot_entry_hall, layout_cave_shapes,
          nicolae_hepliaklqana_hazy_memory, hell_entry, guppyfry_shop_earth,
          uniq_margery
Hell
Zot:1:    layout_gridlike, ebering_ghost_disaster_area
Zot:2:    gammafunk_sealed_arena, layout_misc_corridors, grunt_ministairs_11,
          amethyst_zot_foddershock
Zot:3:    layout_basic
Zot:4:    layout_misc_corridors
Zot:5:    layout_misc_corridors, st_stairs_11, grunt_ministairs_1

Skill      XL: |  1  2  3  4  5  6  7  8  9 10 11 12 13 14 15 16 17 18 19 20 21 22 23 24 25 26 27 |
---------------+----------------------------------------------------------------------------------+-----
Axes           | 3 4 6 7 10 11 12 13 14 15 16 17 18 19 20 21 22 23 24 26 | 26.1
Fighting       | 4 6 7 8 9 10 11 12 13 14 15 16 17 18 19 20 23 | 23.2
Invocations    | 3 5 7 8 10 | 10.0
Armour         | 4 6 7 8 9 10 11 12 13 14 15 16 17 18 19 20 22 | 22.9
Shields        | 5 7 8 10 11 12 13 14 15 16 17 18 19 20 21 22 23 26 | 26.7
Dodging        | 2 4 5 6 8 9 10 11 12 13 14 15 16 19 | 19.1
Throwing       | 1 4 5 7 8 9 10 15 | 15.3
Spellcasting   | 4 6 |  6.1

Action                   |  1- 3 |  4- 6 |  7- 9 | 10-12 | 13-15 | 16-18 | 19-21 | 22-24 | 25-27 || total
-------------------------+-------+-------+-------+-------+-------+-------+-------+-------+-------++-------
Melee: War axe           |    80 |   157 |   441 |   135 |       |       |       |       |       ||   813
       Battleaxe         |       |       |       |   320 |       |       |       |       |    26 ||   346
       Executioner's axe |       |       |       |    41 |   735 |   941 |   898 |  1034 |  2416 ||  6065
Throw: Dart              |       |       |       |     4 |     1 |       |       |       |       ||     5
       Boomerang         |       |       |       |    46 |    11 |    65 |     1 |    19 |    11 ||   153
       Javelin           |       |       |       |       |       |       |       |       |    13 ||    13
Invok: Heroism           |       |       |     2 |    25 |    27 |    31 |    19 |    10 |    51 ||   165
       Finesse           |       |       |       |       |       |       |       |       |     4 ||     4
 Abil: Dig               |       |       |       |       |       |     2 |       |       |     9 ||    11
  Use: Scroll            |       |       |    13 |    13 |     2 |     4 |     1 |       |       ||    33
       Potion            |       |       |       |       |       |     2 |     2 |       |     9 ||    13
 Stab: Distracted        |       |       |       |       |     1 |     2 |       |       |     1 ||     4
       Petrified         |       |       |       |       |       |     1 |       |       |     4 ||     5
       Invisible         |       |       |       |       |       |       |       |       |     3 ||     3
       Paralysed         |       |       |       |       |       |       |       |       |     1 ||     1
Armor: Plate armour      |    51 |    86 |   201 |   205 |   190 |   296 |       |       |       ||  1029
       Scale mail        |     2 |       |       |       |       |       |       |       |       ||     2
       Fire dragon scale |       |       |       |       |    57 |       |       |       |       ||    57
       Crystal plate arm |       |       |       |       |       |    20 |   374 |   308 |   688 ||  1390
Dodge: Dodged            |    28 |    55 |   101 |   147 |   282 |   322 |   211 |   230 |   676 ||  2052
Block: Buckler           |    27 |    24 |    93 |   135 |    36 |       |       |       |       ||   315
       Tower shield      |       |       |       |       |   612 |   933 |   819 |   757 |  2034 ||  5155
